[Event "Titled Tuesday Blitz May 25 2021"]
[White "Bok, Benjamin"]
[Black "Cardoso Cardoso, Jose Gabriel"]
[WhiteFideId "1017063"]
[BlackFideId "4430492"]
[WhiteElo "2674"]
[BlackElo "2343"]
[Result "0-1"]
[Round "06"]
[TimeControl "180+1"]
[Date "2021.05.25"]
[WhiteClock "0:00:07"]
[BlackClock "0:00:10"]

1. d4 Nf6 2. c4 g6 3. Nc3 Bg7 4. e4 d6 5. Nf3 O-O 6. Be2 e5 7. O-O Qe8 8. d5 a5 9. b3 Na6 10. a3 Nh5 11. b4 Nf4 12. Be3 Bd7 13. Rb1 f5 14. c5 axb4 15. axb4 Nxe2+ 16. Qxe2 f4 17. Bd2 dxc5 18. b5 Nb4 19. Qc4 b6 20. Ra1 Kh8 21. Ng5 Qe7 22. Ne6 Bxe6 23. dxe6 Rae8 24. Nd5 Nxd5 25. exd5 Ra8 26. Bc3 Qd6 27. Ra6 Bf6 28. h3 Kg7 29. Rfa1 Rad8 30. Ra7 Qxd5 31. Rxc7+ Kh6 32. Qxd5 Rxd5 33. Raa7 Re8 34. Rxh7+ Kg5 35. e7 Rd3 36. Be1 e4 37. Kf1 f3 38. gxf3 exf3 39. Ra4 Rxe7 40. Rxe7 Bxe7 41. Re4 Bf6 42. Re6 Kf5 43. Rxb6 Rd1 44. Rb8 c4 45. b6 c3 46. b7 c2 47. Rc8 Rb1 48. Rxc2 Rxb7 49. Rc4 Rb1 50. Rc5+ Ke4 51. Rc4+ Bd4 52. Ra4 Kd3 53. Ra3+ Ke4 54. Ra4 g5 55. Rb4 Rc1 56. Ra4 Kd3 57. Ra3+ Bc3 58. Rxc3+ Rxc3 59. Bxc3 Kxc3 60. Kg1 Kd2 61. Kh2 Ke1 62. Kg3 Ke2 63. Kg4 Kxf2 64. Kxg5 Kg3 65. h4 f2 66. h5 f1=Q 0-1


[Site "https://www.chess.com"]

[Event "Titled Tuesday Blitz May 25 2021"]
[White "Borsuk, Konstantin"]
[Black "Koellner, Ruben Gideon"]
[WhiteFideId "14113406"]
[BlackFideId "12993093"]
[WhiteElo "2363"]
[BlackElo "2523"]
[Result "0-1"]
[Round "06"]
[TimeControl "180+1"]
[Date "2021.05.25"]
[WhiteClock "0:01:40"]
[BlackClock "0:00:07"]

1. d4 d6 2. c4 e5 3. Nf3 e4 4. Ng5 f5 5. g3 Be7 6. h4 Nf6 7. Nc3 c6 8. d5 c5 9. f3 exf3 10. exf3 O-O 11. Bh3 Na6 12. O-O Nc7 13. Re1 Re8 14. Ne6 Bxe6 15. dxe6 g6 16. Nd5 b5 17. Bf4 Ncxd5 18. cxd5 Rc8 19. g4 fxg4 20. fxg4 Qa5 21. g5 Nh5 22. Re4 Rf8 23. Bh2 c4 24. Bg4 Ng7 25. Qc2 Qb6+ 26. Kg2 Nf5 27. Kh3 Ne3 28. Qe2 Nxg4 29. Qxg4 Qf2 30. Rg1 Rf3+ 31. Rg3 Qf1# 0-1


[Site "https://www.chess.com"]

[Event "Titled Tuesday Blitz May 25 2021"]
[White "Bortnyk, Olexandr"]
[Black "Srihari L R"]
[WhiteFideId "14120828"]
[BlackFideId "46617116"]
[WhiteElo "2723"]
[BlackElo "2121"]
[Result "0-1"]
[Round "06"]
[TimeControl "180+1"]
[Date "2021.05.25"]
[WhiteClock "0:00:01"]
[BlackClock "0:00:12"]

1. d4 d5 2. Bf4 Bf5 3. e3 e6 4. c3 Bd6 5. Nf3 Nf6 6. Ne5 O-O 7. Nd2 Nbd7 8. Be2 Qb8 9. g4 Bg6 10. h4 h6 11. g5 hxg5 12. hxg5 Bxe5 13. dxe5 Nh7 14. Bh5 c6 15. Bxg6 fxg6 16. Qg4 Rf5 17. Nf3 Nhf8 18. O-O-O Qd8 19. Nd4 Kf7 20. e4 dxe4 21. Nxf5 exf5 22. Qe2 Qe7 23. Qc4+ Ne6 24. Rd6 Nb6 25. Qb3 Nd5 26. Be3 Rd8 27. Bxa7 Qxg5+ 28. Kb1 Qe7 29. a4 b5 30. axb5 Rxd6 31. exd6 Qxd6 32. bxc6 Qxc6 33. Rd1 Ndf4 34. Bb8 Nd3 35. Rh1 e3 36. f3 Qxf3 37. Rh8 Qf1+ 38. Ka2 Nc1+ 0-1


[Site "https://www.chess.com"]

[Event "Titled Tuesday Blitz May 25 2021"]
[White "Chernomordik, Pavel"]
[Black "Khanin, Semen"]
[WhiteFideId "2804530"]
[BlackFideId "4111990"]
[WhiteElo "2299"]
[BlackElo "2521"]
[Result "0-1"]
[Round "06"]
[TimeControl "180+1"]
[Date "2021.05.25"]
[WhiteClock "0:00:07"]
[BlackClock "0:00:43"]

1. e4 g6 2. d4 Bg7 3. Nc3 d6 4. f4 Nf6 5. Nf3 O-O 6. Be3 Nc6 7. h3 e5 8. fxe5 dxe5 9. d5 Nd4 10. Nxe5 Nxe4 11. Qxd4 Qh4+ 12. Bf2 Qxf2+ 13. Qxf2 Nxf2 14. Kxf2 Bxe5 15. Bd3 Bd7 16. Rhe1 Rae8 17. Rab1 Kg7 18. Bb5 Bd4+ 19. Kf1 Rxe1+ 20. Kxe1 Bf5 21. Ne2 Bb6 22. Ba4 Rd8 23. Rd1 Be4 24. Kf1 Rxd5 25. Rxd5 Bxd5 26. Bb3 Bxb3 27. axb3 Kf6 28. Nc1 Ke5 29. Ke2 h5 30. Nd3+ Ke4 31. Ne1 g5 32. Nf3 Be3 33. Ne1 g4 34. hxg4 hxg4 35. Nd3 f5 36. Ne1 b5 37. b4 c5 38. bxc5 Bxc5 39. Nd3 Be3 40. Ne1 f4 41. Nd3 a5 42. c3 a4 43. Ne1 Bc1 44. Nd3 f3+ 0-1


[Site "https://www.chess.com"]

[Event "Titled Tuesday Blitz May 25 2021"]
[White "Davtyan, David Arm."]
[Black "elcandado"]
[WhiteFideId "13310046"]
[WhiteElo "2028"]
[BlackElo "2628"]
[Result "1-0"]
[Round "06"]
[TimeControl "180+1"]
[Date "2021.05.25"]
[WhiteClock "0:00:02"]
[BlackClock "0:00:01"]

1. e4 e5 2. Nf3 Nc6 3. Bc4 Bc5 4. c3 Nf6 5. d4 exd4 6. e5 d5 7. Bb5 Ne4 8. cxd4 Bb6 9. Nc3 O-O 10. Be3 f5 11. exf6 Nxc3 12. bxc3 Qxf6 13. O-O Bg4 14. Be2 Bxf3 15. Bxf3 Ne7 16. a4 c6 17. Rb1 Rab8 18. Qc2 Ng6 19. Be2 Bc7 20. g3 Kh8 21. Bd3 b6 22. a5 b5 23. Kg2 a6 24. h4 Rf7 25. Bg5 Qd6 26. Rbe1 Nf8 27. Re5 Qd7 28. Re2 h6 29. Bc1 Qg4 30. Rfe1 Bxa5 31. Re8 Rxe8 32. Rxe8 Bc7 33. Ba3 Qf3+ 34. Kh2 g5 35. Bg6 Rf6 36. Be7 gxh4 37. Bxf6+ Qxf6 38. Kg2 Kg7 39. Bd3 Qg5 40. Re3 Bf4 41. Rf3 Ne6 42. Qe2 Bxg3 43. Qxe6 Bd6+ 44. Kf1 Qc1+ 45. Qe1 1-0


[Site "https://www.chess.com"]

[Event "Titled Tuesday Blitz May 25 2021"]
[White "Diaz Camallonga, Carles"]
[Black "Nouri, Alekhine"]
[WhiteFideId "22235256"]
[BlackFideId "5216184"]
[WhiteElo "2438"]
[BlackElo "1894"]
[Result "1-0"]
[Round "06"]
[TimeControl "180+1"]
[Date "2021.05.25"]
[WhiteClock "0:00:49"]
[BlackClock "0:00:13"]

1. Nf3 c5 2. e4 d6 3. Bb5+ Nd7 4. a4 Nf6 5. Nc3 a6 6. Be2 g6 7. O-O Bg7 8. d3 O-O 9. a5 b6 10. axb6 Nxb6 11. Na4 Nxa4 12. Rxa4 Bb7 13. Bd2 Bc6 14. Ra5 Nd7 15. b3 Qc7 16. Qe1 f5 17. exf5 Rxf5 18. Bc3 Raf8 19. Bxg7 Kxg7 20. Rxa6 Qb7 21. Ra1 Qc8 22. Qc3+ Kh6 23. Ne1 Rg5 24. f4 Rgf5 25. g3 Bb7 26. Qd2 Kg7 27. Bf3 Bxf3 28. Nxf3 Qc6 29. Qe2 e5 30. Nh4 Rh5 31. Qg2 d5 32. fxe5 Nxe5 33. Rxf8 Kxf8 34. Rf1+ Kg8 35. Qf2 Qd6 36. Qf6 Qxf6 37. Rxf6 d4 38. Kg2 Ng4 39. Rc6 Ne3+ 40. Kf3 g5 41. Rxc5 g4+ 42. Ke4 Rxc5 43. Kxd4 Rxc2 44. Kxe3 Rxh2 45. Kf4 h5 46. Kg5 Rd2 47. Kxh5 Rxd3 48. Kxg4 Rxb3 49. Nf5 Kf7 50. Kf4 Rb4+ 51. Kg5 Rb5 52. Kf4 Ke6 53. Nd4+ 1-0


[Site "https://www.chess.com"]

[Event "Titled Tuesday Blitz May 25 2021"]
[White "Djordjevic, Vuk"]
[Black "Praggnanandhaa R"]
[WhiteFideId "902098"]
[BlackFideId "25059530"]
[WhiteElo "2463"]
[BlackElo "2555"]
[Result "1-0"]
[Round "06"]
[TimeControl "180+1"]
[Date "2021.05.25"]
[WhiteClock "0:00:49"]
[BlackClock "0:00:19"]

1. d4 Nf6 2. Bg5 g6 3. Bxf6 exf6 4. c4 Bg7 5. Nc3 O-O 6. e3 b6 7. Be2 Bb7 8. Bf3 Qc8 9. Bxb7 Qxb7 10. Qf3 c6 11. h4 h5 12. g4 hxg4 13. Qxg4 c5 14. Nd5 d6 15. h5 cxd4 16. h6 Qd7 17. Qxd4 Nc6 18. Nxf6+ 1-0


[Site "https://www.chess.com"]

[Event "Titled Tuesday Blitz May 25 2021"]
[White "Dobrov, Vladimir"]
[Black "Jobava, Baadur"]
[WhiteFideId "4136594"]
[BlackFideId "13601520"]
[WhiteElo "2614"]
[BlackElo "2748"]
[Result "1-0"]
[Round "06"]
[TimeControl "180+1"]
[Date "2021.05.25"]
[WhiteClock "0:00:51"]
[BlackClock "0:00:10"]

1. d4 d5 2. c4 c6 3. Nc3 Nf6 4. e3 Nbd7 5. Nf3 Nb6 6. b3 Bf5 7. Bd3 e6 8. O-O Bg6 9. Ne5 Nbd7 10. Nxg6 hxg6 11. Bb2 Ne4 12. g3 Ndf6 13. f3 Nxc3 14. Bxc3 Be7 15. Qe2 O-O 16. Rad1 Qb6 17. Bb1 Rad8 18. c5 Qc7 19. b4 Rfe8 20. e4 Nd7 21. e5 b6 22. h4 a5 23. a3 axb4 24. axb4 bxc5 25. bxc5 Nf8 26. Bd3 Rb8 27. Ra1 Rb3 28. Qc2 Reb8 29. Ra6 Nd7 30. Rfa1 Qc8 31. R6a5 Qc7 32. f4 Bd8 33. Ra6 Qc8 34. Kg2 R3b7 35. R1a3 Rb1 36. Qa4 Rd1 37. Qxd1 1-0


[Site "https://www.chess.com"]

[Event "Titled Tuesday Blitz May 25 2021"]
[White "Drygalov, Sergey"]
[Black "Madaminov, Mukhiddin"]
[WhiteFideId "24171743"]
[BlackFideId "14210703"]
[WhiteElo "2538"]
[BlackElo "1747"]
[Result "0-1"]
[Round "06"]
[TimeControl "180+1"]
[Date "2021.05.25"]
[WhiteClock "0:00:01"]
[BlackClock "0:00:05"]

1. d4 Nf6 2. c4 e6 3. Nf3 Bb4+ 4. Nbd2 b6 5. a3 Bxd2+ 6. Qxd2 Bb7 7. e3 d6 8. Be2 Nbd7 9. b4 O-O 10. Bb2 Ne4 11. Qc2 f5 12. O-O Rf6 13. d5 Rg6 14. Rad1 e5 15. Bd3 Ndf6 16. Nh4 Rg5 17. f3 Rh5 18. Nxf5 Rxf5 19. Bxe4 Nxe4 20. Qxe4 Qg5 21. Qd3 Raf8 22. e4 R5f6 23. Bc1 Qh5 24. Be3 Bc8 25. Rd2 Rg6 26. f4 exf4 27. Rxf4 Rxf4 28. Bxf4 Rf6 29. Bg3 Bg4 30. c5 Qg6 31. h3 Bf3 32. Kh2 Bxe4 33. Qe3 Rf1 34. Qc3 h5 35. cxd6 cxd6 36. Qc8+ Kh7 37. Qe6 Rf6 38. Qe7 a5 39. b5 a4 40. Qc7 Qg5 41. Re2 h4 42. Bxd6 Qxd5 43. Be5 Rg6 44. Bf4 Bxg2 45. Qe5 Qf3 46. Re3 Qd1 0-1


[Site "https://www.chess.com"]

[Event "Titled Tuesday Blitz May 25 2021"]
[White "Erdogdu, Mert"]
[Black "Sanal, Vahap"]
[WhiteFideId "6301495"]
[BlackFideId "6300545"]
[WhiteElo "2485"]
[BlackElo "2507"]
[Result "0-1"]
[Round "06"]
[TimeControl "180+1"]
[Date "2021.05.25"]
[WhiteClock "0:00:23"]
[BlackClock "0:02:09"]

1. e4 Nc6 2. Nf3 d6 3. d4 g6 4. Be3 Bg7 5. Nc3 Nf6 6. h3 O-O 7. Qd2 a6 8. a4 Re8 9. Be2 e5 10. d5 Nd4 11. O-O Nxe2+ 12. Qxe2 Nh5 13. a5 Rf8 14. Ra4 Qe8 15. Rc4 Qd8 16. Rd1 h6 17. b4 Bd7 18. Nd2 b5 19. axb6 cxb6 20. Rc6 Nf4 21. Qc4 b5 22. Qb3 Bxc6 23. dxc6 Rc8 24. Nd5 Rxc6 25. Bxf4 exf4 26. c4 Kh7 27. cxb5 axb5 28. Qd3 Qc8 29. Qxb5 Rc1 30. Qf1 Rxd1 31. Qxd1 Qb7 32. Nc4 Qc6 33. Qd3 Qb5 34. Qb3 Rc8 35. Nxd6 Rc1+ 36. Kh2 Qf1 37. Nxf4 Qg1+ 38. Kg3 Rc3+ 39. Qxc3 Bxc3 0-1


[Site "https://www.chess.com"]

[Event "Titled Tuesday Blitz May 25 2021"]
[White "Erigaisi Arjun"]
[Black "Zubov, Alexander"]
[WhiteFideId "35009192"]
[BlackFideId "14109409"]
[WhiteElo "2609"]
[BlackElo "2740"]
[Result "1-0"]
[Round "06"]
[TimeControl "180+1"]
[Date "2021.05.25"]
[WhiteClock "0:00:03"]
[BlackClock "0:00:23"]

1. b3 d5 2. Bb2 c5 3. e3 Nc6 4. f4 a6 5. Nf3 Bf5 6. d3 e6 7. Nbd2 Nf6 8. g3 Be7 9. Bg2 O-O 10. O-O h6 11. Qe2 Bh7 12. Kh1 Rc8 13. a3 b5 14. Rad1 Qb6 15. e4 c4 16. dxc4 bxc4 17. Bxf6 Bxf6 18. bxc4 dxe4 19. Nxe4 Be7 20. Rd7 Bxa3 21. Ne5 Nxe5 22. fxe5 Rc7 23. Rd3 Be7 24. Rb3 Qa5 25. Nd6 Qc5 26. Rd1 Rd8 27. h4 Rcd7 28. Qe3 Bxd6 29. exd6 Qxc4 30. Rb6 Bxc2 31. Rc6 Qb3 32. Rc3 Qa4 33. Rd4 Qa1+ 34. Kh2 Bg6 35. Qd2 e5 36. Rd5 e4 37. Bh3 f5 38. Rc7 Qf6 39. Rxd7 Rxd7 40. Qf4 Qe6 41. Rd4 h5 42. Qd2 Kh7 43. Bf1 a5 44. Bc4 Rd8 45. Bxe6 1-0


[Site "https://www.chess.com"]

[Event "Titled Tuesday Blitz May 25 2021"]
[White "Eynullayev, Atilla"]
[Black "Nazaretyan, Tigran"]
[WhiteFideId "13413570"]
[BlackFideId "24162345"]
[WhiteElo "1997"]
[BlackElo "2247"]
[Result "0-1"]
[Round "06"]
[TimeControl "180+1"]
[Date "2021.05.25"]
[WhiteClock "0:00:01"]
[BlackClock "0:00:55"]

1. e4 c5 2. Nf3 d6 3. d4 cxd4 4. Nxd4 Nf6 5. Nc3 Nc6 6. Bg5 e6 7. Bb5 Bd7 8. Qd3 Be7 9. O-O-O Qc7 10. Rhe1 Rc8 11. f4 h6 12. Bxf6 gxf6 13. f5 Nxd4 14. Bxd7+ Qxd7 15. Qxd4 a6 16. Kb1 Qc6 17. Qd3 b5 18. a3 Qc4 19. Qh3 b4 20. axb4 Qxb4 21. fxe6 fxe6 22. Rd3 Rb8 23. b3 Kd7 24. e5 fxe5 25. Rxe5 Qc4 26. Re4 Rxb3+ 27. Kc1 Bg5+ 28. Kd1 Rb1+ 29. Nxb1 Qxe4 30. Nc3 Qf4 31. Ke2 Rf8 32. Nd1 Qe5+ 33. Ne3 a5 34. Qg4 Rf4 0-1


[Site "https://www.chess.com"]

[Event "Titled Tuesday Blitz May 25 2021"]
[White "Fayzullaev, Akmal"]
[Black "Samadov, Read"]
[WhiteFideId "14200554"]
[BlackFideId "13417444"]
[WhiteElo "2264"]
[BlackElo "2084"]
[Result "1-0"]
[Round "06"]
[TimeControl "180+1"]
[Date "2021.05.25"]
[WhiteClock "0:00:16"]
[BlackClock "0:00:07"]

1. d4 Nf6 2. Nf3 b6 3. Bg5 Ne4 4. Bf4 Bb7 5. Nbd2 e6 6. Nxe4 Bxe4 7. e3 Be7 8. Bd3 Bxd3 9. Qxd3 d5 10. e4 O-O 11. O-O-O Nd7 12. exd5 exd5 13. Rhe1 c6 14. Bc7 Qxc7 15. Rxe7 Rae8 16. Rde1 Qd8 17. Qe3 Nf6 18. Qa3 Ne4 19. Rxe8 Rxe8 20. Ne5 Qg5+ 21. Qe3 Qxg2 22. f3 Nd6 23. Rg1 Nf5 24. Rxg2 Nxe3 25. Rg1 Re6 26. c3 f6 27. Nd3 Nf5 28. Kd2 Kf7 29. a4 g5 30. a5 Re3 31. f4 h6 32. fxg5 hxg5 33. Rf1 Kg6 34. axb6 axb6 35. Nb4 Rh3 36. Rf2 Ne7 37. Re2 Kf7 38. Na6 g4 39. Nb8 f5 40. Nd7 f4 41. Ne5+ Kg7 42. Nxg4 Nf5 43. Rf2 f3 44. Ne5 c5 45. Nxf3 cxd4 46. Ng5 dxc3+ 47. bxc3 Rh5 48. Rxf5 Rxh2+ 49. Kd3 Rg2 50. Ne6+ Kg6 51. Nf4+ Kxf5 52. Nxg2 Ke5 53. Ne3 b5 54. Nc2 Kd6 55. Nd4 Kc5 56. Nb3+ Kc6 57. Kd4 Kd6 58. Nc1 Kc6 59. Nd3 Kb6 60. Nb4 Ka5 61. Kxd5 Ka4 62. Kd4 Kb3 63. Nd5 Ka4 64. Nc7 Ka5 65. Nxb5 Kxb5 66. Kd5 Kb6 67. c4 Kc7 68. Kc5 1-0


[Site "https://www.chess.com"]

[Event "Titled Tuesday Blitz May 25 2021"]
[White "Filali, Razzouki Marouane"]
[Black "Vaishali, Rameshbabu"]
[WhiteFideId "9003720"]
[BlackFideId "5091756"]
[WhiteElo "2073"]
[BlackElo "2313"]
[Result "0-1"]
[Round "06"]
[TimeControl "180+1"]
[Date "2021.05.25"]
[WhiteClock "0:00:17"]
[BlackClock "0:00:16"]

1. e4 c5 2. Nf3 Nf6 3. e5 Nd5 4. Nc3 e6 5. Ne4 f5 6. Nd6+ Bxd6 7. exd6 Qb6 8. d4 Qxd6 9. c4 Nf6 10. g3 cxd4 11. Bf4 Qb4+ 12. Bd2 Qxb2 13. Bg2 Nc6 14. O-O O-O 15. Bf4 Qa3 16. Nxd4 e5 17. Nb5 Qc5 18. Bc1 Qxc4 19. Nd6 Qe6 20. Ba3 e4 21. Re1 Rb8 22. Bf1 Ne5 23. f4 Nf3+ 24. Kh1 Ng4 25. Bc4 Nf2+ 26. Kg2 Nxd1 27. Bxe6+ dxe6 28. Rexd1 Bd7 29. Nxe4 fxe4 30. Rxd7 Rfc8 31. Kh3 Rc2 32. g4 Rbc8 33. Rad1 Rxa2 34. Kg3 Rxa3 35. f5 exf5 36. gxf5 Ne5+ 37. Kf4 Nxd7 38. Rxd7 Rh3 39. f6 gxf6 40. Kf5 Rxh2 41. Kxf6 Rc6+ 42. Kf5 Rh5+ 43. Kg4 Re5 44. Kf4 Re8 45. Ke3 Rc3+ 46. Kd2 Rd3+ 47. Rxd3 exd3 48. Kxd3 b5 49. Kd2 h5 50. Kc3 h4 51. Kb4 h3 52. Kxb5 h2 53. Ka5 h1=Q 54. Kb5 Qd5+ 55. Kb4 Rb8+ 56. Kc3 Rb3+ 57. Kc2 Qd3+ 58. Kc1 Rb1# 0-1


[Site "https://www.chess.com"]

[Event "Titled Tuesday Blitz May 25 2021"]
[White "Garcia Garcia, Alejandro"]
[Black "Urazayev, Arystanbek"]
[WhiteFideId "3516334"]
[BlackFideId "13709810"]
[WhiteElo "2131"]
[BlackElo "2321"]
[Result "0-1"]
[Round "06"]
[TimeControl "180+1"]
[Date "2021.05.25"]
[WhiteClock "0:00:24"]
[BlackClock "0:01:24"]

1. Nf3 d5 2. g3 e6 3. Bg2 Nf6 4. O-O Be7 5. c4 O-O 6. cxd5 b6 7. d3 exd5 8. Nc3 c5 9. e4 Bb7 10. Nh4 dxe4 11. dxe4 Nbd7 12. e5 Bxg2 13. exf6 Bxf1 14. fxe7 Qxe7 15. Qxf1 Ne5 16. Bf4 Nc6 17. Re1 Qf6 18. Nf3 h6 19. Nd5 Qxb2 20. Ne5 Nxe5 21. Bxe5 Qxa2 22. Ne7+ Kh7 23. Qd3+ g6 24. Qf3 f6 25. Ba1 Rae8 26. Qb7 Rf7 27. Kg2 Qd2 28. Re6 Qd8 29. Bxf6 Qa8 30. Qxa8 Rxa8 31. Nd5 Rd7 32. Ne3 b5 33. Be5 h5 34. Ra6 Re8 35. Bd6 Re6 36. Rxa7 Rxa7 37. Bxc5 Rb7 38. Nd5 Re5 39. Nf6+ Kg7 40. Bd4 Kxf6 41. f4 b4 42. Bxe5+ Kf5 43. Kf3 b3 44. h3 b2 45. g4+ hxg4+ 46. hxg4+ Ke6 0-1


[Site "https://www.chess.com"]

[Event "Titled Tuesday Blitz May 25 2021"]
[White "Gelman, Alexander"]
[Black "Delgadillo, Adonay"]
[WhiteFideId "4118316"]
[BlackFideId "3301915"]
[WhiteElo "2375"]
[BlackElo "2103"]
[Result "1-0"]
[Round "06"]
[TimeControl "180+1"]
[Date "2021.05.25"]
[WhiteClock "0:00:08"]
[BlackClock "0:00:06"]

1. d4 Nf6 2. Nc3 d5 3. Bf4 g6 4. e3 Bg7 5. h4 c6 6. Nf3 Bg4 7. Qd2 Nbd7 8. Ne5 Nxe5 9. Bxe5 Ne4 10. Nxe4 Bxe5 11. Nc5 Bg7 12. f3 Bc8 13. h5 b6 14. Nd3 Bb7 15. O-O-O Qd7 16. Ne5 Bxe5 17. dxe5 O-O-O 18. f4 Kb8 19. Kb1 f6 20. exf6 exf6 21. Bd3 Qg4 22. a4 c5 23. a5 c4 24. Be2 Qe6 25. Bf3 Rhe8 26. hxg6 hxg6 27. Rhe1 g5 28. g3 g4 29. Bh1 f5 30. Qc3 Rh8 31. axb6 axb6 32. Qd4 Rh3 33. Rg1 Kc7 34. Qg7+ Rd7 35. Qc3 b5 36. b4 Bc6 37. Kb2 Kb6 38. Ra1 Rb7 39. Qd4+ Kc7 40. Bg2 Rh2 41. Rh1 Qh6 42. Qe5+ Kd7 43. Ra8 Rxh1 44. Qe8+ Kd6 45. Qe5+ Kd7 46. Qe8+ Kd6 47. Rd8+ Bd7 48. Qe5+ Kc6 49. Qxd5+ Kc7 50. Rxd7+ Kc8 51. Qxb7# 1-0


[Site "https://www.chess.com"]

[Event "Titled Tuesday Blitz May 25 2021"]
[White "Goryachkina, Aleksandra"]
[Black "Song, Julien"]
[WhiteFideId "4147103"]
[BlackFideId "659487"]
[WhiteElo "2441"]
[BlackElo "2225"]
[Result "1/2-1/2"]
[Round "06"]
[TimeControl "180+1"]
[Date "2021.05.25"]
[WhiteClock "0:01:08"]
[BlackClock "0:00:59"]

1. e4 e5 2. Nf3 Nf6 3. Nc3 Nc6 4. d4 exd4 5. Nxd4 Bb4 6. Nxc6 bxc6 7. Bd3 d5 8. exd5 O-O 9. O-O Bg4 10. Be2 Bxe2 11. Nxe2 cxd5 12. Bg5 c6 13. Nd4 Rc8 14. Qf3 h6 15. Bxf6 Qxf6 16. Qxf6 gxf6 17. c3 Bc5 18. Nf5 Kh7 19. Rad1 Kg6 20. Nh4+ Kg5 21. g3 f5 22. Kg2 f4 23. Rd3 Rce8 24. Rf3 Bd6 25. Kh3 Re2 26. gxf4+ Kf6 27. b3 Rxa2 28. Rd1 Bc5 29. c4 Rxf2 30. Rxf2 Bxf2 31. cxd5 cxd5 32. Rxd5 Bxh4 33. Kxh4 Rb8 1/2-1/2


[Site "https://www.chess.com"]

[Event "Titled Tuesday Blitz May 25 2021"]
[White "Grochal, Joey"]
[Black "Sadovsky, Artem"]
[WhiteFideId "1019945"]
[BlackFideId "4155840"]
[WhiteElo "2265"]
[BlackElo "2476"]
[Result "0-1"]
[Round "06"]
[TimeControl "180+1"]
[Date "2021.05.25"]
[WhiteClock "0:00:50"]
[BlackClock "0:01:16"]

1. d4 g6 2. c4 Bg7 3. Nf3 d6 4. Nc3 e5 5. dxe5 dxe5 6. Qxd8+ Kxd8 7. Bg5+ f6 8. O-O-O Nd7 9. Be3 Bh6 10. Bxh6 Nxh6 11. e3 c6 12. Ne4 Ke7 13. Rd2 a5 14. Be2 f5 15. Nd6 e4 16. Nd4 Nc5 17. Nxc8+ Raxc8 18. h3 Nf7 19. Nb3 Nxb3+ 20. axb3 c5 21. g4 Ne5 22. gxf5 gxf5 23. Rg1 Rhg8 24. Rxg8 Rxg8 25. Rd5 Nd7 26. Rxf5 Rf8 27. Bg4 Rxf5 28. Bxf5 Nf6 29. Kd2 Kd6 30. Ke2 Ke5 31. Bc8 b6 32. f4+ exf3+ 33. Kxf3 Ne4 34. Kg4 Nd2 35. Bf5 h5+ 36. Kg5 Nf3+ 37. Kg6 Nh4+ 38. Kxh5 Nxf5 39. Kg5 0-1


[Site "https://www.chess.com"]

[Event "Titled Tuesday Blitz May 25 2021"]
[White "Grunberg, Mihai-Lucian"]
[Black "Fernandez, Daniel Howard"]
[WhiteFideId "1204149"]
[BlackFideId "5801605"]
[WhiteElo "2364"]
[BlackElo "2468"]
[Result "0-1"]
[Round "06"]
[TimeControl "180+1"]
[Date "2021.05.25"]
[WhiteClock "0:01:22"]
[BlackClock "0:01:44"]

1. Nf3 d5 2. c4 d4 3. d3 c5 4. e3 Nc6 5. exd4 cxd4 6. g3 e5 7. Bg2 Nf6 8. O-O Bd6 9. b4 Nxb4 10. Nxe5 Bxe5 11. Qa4+ Nc6 12. Re1 O-O 13. Bxc6 bxc6 14. Rxe5 Ng4 15. Re1 Qf6 16. Qc2 Ne5 17. Nd2 Bf5 18. Ne4 Nf3+ 19. Kf1 Bh3+ 20. Ke2 Rae8 21. Be3 Qg6 22. Reb1 dxe3 23. Kxf3 f5 24. Kxe3 fxe4 25. dxe4 Bg2 0-1


[Site "https://www.chess.com"]

[Event "Titled Tuesday Blitz May 25 2021"]
[White "Hamitevici, Vladimir"]
[Black "Pastar, Slaven"]
[WhiteFideId "13902393"]
[BlackFideId "14402718"]
[WhiteElo "2359"]
[BlackElo "2227"]
[Result "1-0"]
[Round "06"]
[TimeControl "180+1"]
[Date "2021.05.25"]
[WhiteClock "0:00:11"]
[BlackClock "0:00:09"]

1. g3 g6 2. Bg2 Bg7 3. e4 e5 4. Nc3 Nc6 5. d3 d6 6. Nge2 f5 7. Nd5 h6 8. c4 Nf6 9. h3 O-O 10. Bd2 Nd4 11. Nxd4 exd4 12. exf5 Bxf5 13. Qb3 Qe8+ 14. Kd1 Qd7 15. g4 Bxg4+ 16. hxg4 Qxg4+ 17. Kc2 Qxg2 18. Rag1 Qxf2 19. Ne7+ Kh7 20. Nxg6 Rfe8 21. Nf4 Re3 22. Qxb7 Rg8 23. Rf1 Qg3 24. Rhg1 Qh2 25. Rg2 Qh4 26. Qxc7 Nh5 27. Nxh5 Qxh5 28. Rf7 Qe5 29. Bxe3 dxe3 30. Rfxg7+ Rxg7 31. Rxg7+ Qxg7 32. Qxg7+ Kxg7 33. d4 Kf6 34. Kd3 h5 35. Kxe3 Kf5 36. Kf3 h4 37. c5 Ke6 38. b4 Kd5 39. Kg4 dxc5 40. dxc5 Kc6 41. Kxh4 Kb5 42. a3 a5 43. Kg4 axb4 44. axb4 Kc6 45. Kf5 Kd5 46. Kf6 Kc6 47. Ke6 Kb5 48. Kd7 Kxb4 49. c6 Kb5 50. c7 1-0


[Site "https://www.chess.com"]

[Event "Titled Tuesday Blitz May 25 2021"]
[White "Harutjunyan, Gevorg"]
[Black "Zhigalko, Sergei"]
[WhiteFideId "13300873"]
[BlackFideId "13502956"]
[WhiteElo "2498"]
[BlackElo "2662"]
[Result "1-0"]
[Round "06"]
[TimeControl "180+1"]
[Date "2021.05.25"]
[WhiteClock "0:00:15"]
[BlackClock "0:00:01"]

1. e4 c5 2. Nf3 Nc6 3. Bb5 Nf6 4. Nc3 Qc7 5. Bxc6 dxc6 6. e5 Nd5 7. O-O Bg4 8. Re1 e6 9. h3 Bh5 10. d3 Be7 11. Ne4 Rd8 12. Bg5 Bxg5 13. Nexg5 O-O 14. Re4 h6 15. Rh4 Bg6 16. Ne4 c4 17. d4 Qb6 18. Qc1 Bxe4 19. Rxe4 c5 20. Rg4 Kh8 21. Rh4 Kg8 22. c3 Ne7 23. Rh5 Rd5 24. g4 cxd4 25. cxd4 Rxd4 26. g5 Rd3 27. gxh6 Rxf3 28. hxg7 Qxf2+ 29. Kh1 Ng6 30. Qh6 1-0


[Site "https://www.chess.com"]

[Event "Titled Tuesday Blitz May 25 2021"]
[White "Hasangatin, Ramil"]
[Black "Holt, Conrad"]
[WhiteFideId "4122160"]
[BlackFideId "2034387"]
[WhiteElo "2375"]
[BlackElo "2586"]
[Result "1-0"]
[Round "06"]
[TimeControl "180+1"]
[Date "2021.05.25"]
[WhiteClock "0:00:44"]
[BlackClock "0:00:02"]

1. e4 e6 2. d3 d5 3. Qe2 Nc6 4. Nf3 dxe4 5. dxe4 e5 6. c3 Bd6 7. Qc2 Nf6 8. Be2 O-O 9. O-O Nh5 10. g3 Bg4 11. Nh4 Bxe2 12. Qxe2 g6 13. Bh6 Re8 14. Nd2 Bf8 15. Bxf8 Rxf8 16. Nc4 Nf4 17. Qf3 Nh3+ 18. Kg2 Ng5 19. Qe3 Qe7 20. b4 b5 21. Nd2 a5 22. a3 Ne6 23. Nhf3 Rfd8 24. Rfd1 Qd7 25. Nb3 Qc8 26. h4 axb4 27. axb4 Rxa1 28. Rxa1 Qd7 29. Nc5 Qe7 30. Ra6 Nxc5 31. Qxc5 Qxc5 32. bxc5 Nb8 33. Ra5 f6 34. Rxb5 Nd7 35. g4 Kf7 36. g5 Ke6 37. gxf6 Kxf6 38. c6 Nb8 39. Rxe5 Nxc6 40. Rc5 Ne7 41. Rxc7 Rd1 42. Ng5 h6 43. e5+ Kf5 44. Rxe7 hxg5 45. hxg5 Rc1 46. Rf7+ Kxe5 47. Rf3 Rc2 48. Kg3 Ke4 49. Kg4 Ke5 50. Re3+ Kd5 51. f3 Kd6 52. Kf4 Kd5 53. Rd3+ Ke6 54. Ke4 Re2+ 55. Re3 Rg2 56. f4 Kd6 57. Kd4 Rd2+ 58. Rd3 Rc2 59. c4 Ke6 60. Kc5 Kf5 61. Rd4 Kg4 62. Kd5 Ra2 63. c5 Ra8 64. c6 Rd8+ 65. Kc5 Rf8 66. c7 Kf5 67. Kd6 1-0


[Site "https://www.chess.com"]

[Event "Titled Tuesday Blitz May 25 2021"]
[White "Hess, Robert"]
[Black "Van Foreest, Jorden"]
[WhiteFideId "2022036"]
[BlackFideId "1039784"]
[WhiteElo "2557"]
[BlackElo "2622"]
[Result "0-1"]
[Round "06"]
[TimeControl "180+1"]
[Date "2021.05.25"]
[WhiteClock "0:00:02"]
[BlackClock "0:00:10"]

1. e4 c6 2. d4 d5 3. Nc3 dxe4 4. Nxe4 Nf6 5. Nxf6+ exf6 6. c3 Bd6 7. Bd3 O-O 8. Qc2 Re8+ 9. Ne2 h5 10. Be3 Nd7 11. O-O-O b5 12. Ng3 Nb6 13. Nxh5 Bg4 14. Be2 Qd7 15. h3 Bf5 16. Bd3 Bxd3 17. Qxd3 Qe6 18. Kb1 Qd5 19. g4 a5 20. Rhg1 Nc4 21. Bh6 Bf8 22. g5 f5 23. Nf6+ gxf6 24. gxf6+ Kh7 25. Bxf8 Rxf8 26. Rde1 Rg8 27. b3 Rxg1 28. Rxg1 Qe4 29. Kc2 Nd6 0-1


[Site "https://www.chess.com"]